[Event "Titled Tuesday Blitz November 14 Early 2023"]
[White "Arslanov, Shamil"]
[Black "Mikaelyan, Arman"]
[WhiteFideId "4192826"]
[BlackFideId "13304852"]
[WhiteElo "2617"]
[BlackElo "2831"]
[Result "1-0"]
[Round "4"]
[TimeControl "180+1"]
[Date "2023.11.14"]
[WhiteClock "0:00:14"]
[BlackClock "0:00:09"]
[Board "49"]

1. d4 Nf6 2. f3 d5 3. e4 dxe4 4. Nc3 exf3 5. Nxf3 g6 6. Bc4 Bg7 7. h4 c5 8. d5 Bg4 9. Bg5 Nbd7 10. Qe2 O-O 11. O-O-O a6 12. d6 e6 13. Qe3 b5 14. Be2 b4 15. Ne4 Qa5 16. Kb1 Nd5 17. Rxd5 exd5 18. Nf2 Rfe8 19. Be7 Bf5 20. Bd3 Bxd3 21. Nxd3 c4 22. Nc1 Rab8 23. h5 Qb6 24. Qg5 h6 25. Qg4 Rxe7 26. dxe7 Qf6 27. c3 bxc3 28. Qxd7 Rxb2+ 29. Ka1 c2 30. e8=Q+ Kh7 31. hxg6+ Qxg6 32. Rxh6+ Qxh6 33. Qf5+ Qg6 34. Ng5+ Kh6 35. Nxf7+ Qxf7 36. Qe3# 1-0


[Site "https://www.chess.com"]

[Event "Titled Tuesday Blitz November 14 Early 2023"]
[White "Weetik, Vjacheslav"]
[Black "Belov, Alexei"]
[WhiteFideId "4153472"]
[BlackFideId "4128206"]
[WhiteElo "2831"]
[BlackElo "2615"]
[Result "0-1"]
[Round "4"]
[TimeControl "180+1"]
[Date "2023.11.14"]
[WhiteClock "0:00:57"]
[BlackClock "0:00:16"]
[Board "50"]

1. e4 e6 2. d3 d5 3. Qe2 Nf6 4. Nf3 Nc6 5. c3 dxe4 6. dxe4 e5 7. Qc2 Bc5 8. b4 Bd6 9. Bg5 a6 10. Nbd2 h6 11. Bh4 Be7 12. Nc4 Nd7 13. Bg3 Bf6 14. a4 Qe7 15. Be2 Nf8 16. Ne3 Be6 17. O-O Ng6 18. Nd5 Bxd5 19. exd5 Nb8 20. Rfe1 O-O 21. Bd3 Nd7 22. Bxg6 fxg6 23. Qxg6 Nb6 24. Nxe5 Nxd5 25. Ng4 Qd7 26. Rad1 Qc6 27. Nxh6+ Kh8 28. Nf7+ Kg8 29. Ne5 Qxc3 30. Nd7 Rf7 31. Be5 Qxb4 32. Nxf6+ Nxf6 33. h3 Re8 34. Re3 Qxa4 35. Bxf6 Qxd1+ 36. Kh2 Rxe3 37. fxe3 Qd6+ 0-1


[Site "https://www.chess.com"]

[Event "Titled Tuesday Blitz November 14 Early 2023"]
[White "Szpar, Milosz"]
[Black "Janaszak, Dawid"]
[WhiteFideId "1184989"]
[BlackFideId "1119206"]
[WhiteElo "2820"]
[BlackElo "2611"]
[Result "1-0"]
[Round "4"]
[TimeControl "180+1"]
[Date "2023.11.14"]
[WhiteClock "0:00:10"]
[BlackClock "0:00:03"]
[Board "51"]

1. e4 c5 2. Nf3 Nc6 3. Bb5 e5 4. O-O Nge7 5. Nc3 g6 6. d3 Bg7 7. Bg5 h6 8. Bxe7 Nxe7 9. a3 O-O 10. Bc4 d6 11. Nd5 Kh8 12. Nd2 f5 13. Nxe7 Qxe7 14. Bd5 f4 15. c3 Rb8 16. b4 g5 17. h3 f3 18. Nxf3 g4 19. hxg4 Bxg4 20. Nxe5 Bxd1 21. Ng6+ Kh7 22. Nxe7 Be2 23. Rfc1 Bxd3 24. Nf5 Be5 25. bxc5 dxc5 26. Ra2 b6 27. c4 b5 28. cxb5 Rxb5 29. g3 Rfb8 30. Rd2 Rb1 31. Rxb1 Rxb1+ 32. Kg2 c4 33. Ne3 Rc1 34. Kf3 Bc3 35. Rd1 Rxd1 36. Nxd1 Bd4 37. Ne3 c3 38. Bb3 Bc5 39. a4 a5 40. Bc2 Bxe3 41. Bxd3 Bc5 42. e5+ Kg7 43. Ke2 Bd4 44. f4 Kf7 45. Kf3 Ke7 46. Ke4 Bf2 47. g4 Bg3 48. Bc2 Bf2 49. Bb3 Bg3 50. f5 Bh2 51. f6+ Kf8 52. Kf5 Bg1 53. e6 Bc5 54. Kg6 Bb4 55. Kxh6 Ba3 56. g5 Bb4 57. g6 1-0


[Site "https://www.chess.com"]

[Event "Titled Tuesday Blitz November 14 Early 2023"]
[White "Samsonkin, Artiom"]
[Black "Souleidis, Georgios"]
[WhiteFideId "13503111"]
[BlackFideId "4206827"]
[WhiteElo "2818"]
[BlackElo "2609"]
[Result "1-0"]
[Round "4"]
[TimeControl "180+1"]
[Date "2023.11.14"]
[WhiteClock "0:00:14"]
[BlackClock "0:00:00"]
[Board "52"]

1. e4 c5 2. Nf3 e6 3. Nc3 Nc6 4. d4 cxd4 5. Nxd4 Nf6 6. a3 Be7 7. Nxc6 bxc6 8. e5 Nd5 9. Nxd5 cxd5 10. Bd3 d6 11. Bf4 dxe5 12. Bxe5 O-O 13. O-O Bf6 14. Re1 Bxe5 15. Rxe5 Rb8 16. b4 Qf6 17. Qe2 Bd7 18. Re1 Rfc8 19. h4 Rc3 20. Qe3 Rc7 21. h5 Ba4 22. h6 g6 23. Qg3 Rbc8 24. R5e3 Bxc2 25. Ba6 Bf5 26. Bxc8 Rxc8 27. Qd6 Rd8 28. Qc7 d4 29. R3e2 d3 30. Rd2 Qd4 31. Re3 g5 32. Qg3 f6 33. Kh2 Bg6 34. Qc7 Qd7 35. Qxd7 Rxd7 36. Rxe6 Kf7 37. Rc6 Be4 38. Rc4 Bg6 39. b5 Ke6 40. a4 Kd5 41. Rc6 Kd4 42. a5 Rb7 43. b6 axb6 44. axb6 g4 45. Kg3 f5 46. Kf4 Re7 47. Rd6+ Kc3 48. R2xd3+ Kc4 49. Kg5 f4 50. Kxf4 Bxd3 51. Rc6+ Kb5 52. Rc7 Re6 53. b7 Rb6 54. Rc3 Bg6 55. Rb3+ Kc6 56. Rxb6+ 1-0


[Site "https://www.chess.com"]

[Event "Titled Tuesday Blitz November 14 Early 2023"]
[White "Aaditya Dhingra"]
[Black "Dragun, Kamil"]
[WhiteFideId "25678191"]
[BlackFideId "1134167"]
[WhiteElo "2604"]
[BlackElo "2814"]
[Result "0-1"]
[Round "4"]
[TimeControl "180+1"]
[Date "2023.11.14"]
[WhiteClock "0:00:00"]
[BlackClock "0:00:09"]
[Board "53"]

1. Nf3 d5 2. e3 Nf6 3. c4 e6 4. Nc3 Bd6 5. Qc2 c6 6. b3 b6 7. Bb2 Bb7 8. Be2 O-O 9. O-O Nbd7 10. d4 Rc8 11. Rad1 c5 12. cxd5 exd5 13. Qb1 Re8 14. Rfe1 Qe7 15. Bf1 Nf8 16. g3 Ne6 17. Bg2 c4 18. bxc4 Rxc4 19. Ne5 Rcc8 20. Ne2 Bb4 21. Rf1 Ne4 22. Bxe4 dxe4 23. d5 Ng5 24. h4 Ba6 25. hxg5 Bxe2 26. Qxe4 Bxf1 27. Kxf1 Qxg5 28. d6 Qh5 29. g4 Qh3+ 30. Ke2 Bxd6 31. Rxd6 Qh4 32. Rd7 Re7 33. Qd5 Rce8 34. Rxe7 Qxe7 35. Nc6 Qc7 36. Be5 Qb7 37. Bd6 Qd7 38. Kf3 h6 39. Ne5 Qe6 40. Qxe6 Rxe6 41. Bb8 b5 42. Nd3 Ra6 43. Nb4 Ra4 44. Bd6 a5 45. Nc6 Rxa2 46. Ne7+ Kh7 47. Nf5 b4 48. Nd4 Rb2 49. Ke4 a4 50. Kd3 a3 51. Be5 a2 52. Nc2 Rb3+ 53. Kc4 Rb1 54. Nxb4 a1=Q 55. Bxa1 Rxa1 56. Nd3 Rg1 57. f3 Rg3 58. Ne1 Rg1 59. Nd3 Rf1 0-1


[Site "https://www.chess.com"]

[Event "Titled Tuesday Blitz November 14 Early 2023"]
[White "Molina, Roberto Junio Brito"]
[Black "Karamsetty, Jeevan"]
[WhiteFideId "2109450"]
[BlackFideId "2025337"]
[WhiteElo "2813"]
[BlackElo "2606"]
[Result "0-1"]
[Round "4"]
[TimeControl "180+1"]
[Date "2023.11.14"]
[WhiteClock "0:00:21"]
[BlackClock "0:00:49"]
[Board "54"]

1. d4 g6 2. e4 d6 3. Nc3 Bg7 4. h4 Nf6 5. Nf3 h6 6. Bf4 Nc6 7. d5 Nb8 8. Qd2 c5 9. a4 a6 10. g3 Qa5 11. Bg2 Qb4 12. O-O Nh5 13. Be3 Qxb2 14. Ne2 Qb4 15. Qxb4 cxb4 16. Rab1 a5 17. Ned4 Bd7 18. c3 Na6 19. cxb4 Nxb4 20. Nb5 O-O 21. Bd4 Nf6 22. Nd2 Rfc8 23. Rfc1 Bxb5 24. axb5 Nxe4 25. Bxg7 Nxd2 26. Rxc8+ Rxc8 27. Rd1 Kxg7 28. Rxd2 Rc1+ 29. Kh2 a4 30. Rd4 a3 31. Rxb4 a2 0-1


[Site "https://www.chess.com"]

[Event "Titled Tuesday Blitz November 14 Early 2023"]
[White "Xu, Yi"]
[Black "Skatchkov, Valery"]
[WhiteFideId "8605564"]
[BlackFideId "24195812"]
[WhiteElo "2811"]
[BlackElo "2598"]
[Result "1-0"]
[Round "4"]
[TimeControl "180+1"]
[Date "2023.11.14"]
[WhiteClock "0:00:15"]
[BlackClock "0:00:02"]
[Board "55"]

1. d4 Nf6 2. c4 e6 3. Nc3 d5 4. cxd5 exd5 5. Bg5 Bb4 6. e3 h6 7. Bh4 g5 8. Bg3 Ne4 9. Ne2 h5 10. h3 h4 11. Be5 f6 12. Bh2 g4 13. hxg4 Nc6 14. f3 Ng5 15. a3 Bd6 16. Bxd6 Qxd6 17. Nf4 Ne7 18. Qb3 Bd7 19. Qxb7 Kf7 20. Qa6 c6 21. Bd3 Rab8 22. Nb5 Rxb5 23. Bxb5 Bc8 24. Qxa7 cxb5 25. Rc1 Ne6 26. Nxe6 Qg3+ 27. Kf1 h3 28. Nd8+ Ke8 29. Ke2 Qxg2+ 30. Kd3 Qxf3 31. Nb7 Bxg4 32. Nd6+ Kf8 33. Kc2 Rh7 34. Kb1 h2 35. Qb8+ Kg7 36. Ne8+ Kg6 37. Rxh2 Rxh2 38. Qxh2 Qxe3 39. Qh8 Qe4+ 40. Ka2 Kf7 41. Nd6+ 1-0


[Site "https://www.chess.com"]

[Event "Titled Tuesday Blitz November 14 Early 2023"]
[White "Ahmad, Khagan"]
[Black "Gharibyan, Mamikon"]
[WhiteFideId "13431552"]
[BlackFideId "13308300"]
[WhiteElo "2597"]
[BlackElo "2811"]
[Result "1-0"]
[Round "4"]
[TimeControl "180+1"]
[Date "2023.11.14"]
[WhiteClock "0:00:40"]
[BlackClock "0:00:02"]
[Board "56"]

1. Nf3 d5 2. d4 Nf6 3. c4 e6 4. g3 Be7 5. Bg2 O-O 6. O-O a5 7. Qc2 c6 8. Nbd2 a4 9. e4 b6 10. Re1 Bb7 11. e5 Ne8 12. h4 c5 13. cxd5 Bxd5 14. dxc5 Nc6 15. Ne4 bxc5 16. Nfg5 Nd4 17. Qd3 g6 18. Be3 h6 19. Nh3 Nf5 20. Bxc5 Bxe4 21. Qxe4 Bxc5 22. Qxa8 Bxf2+ 23. Nxf2 Qd2 24. Qf3 Qxb2 25. Rab1 Qxa2 26. Rb8 h5 27. Ne4 Qd5 28. Rxe8 Qd4+ 29. Qf2 Rxe8 30. Nf6+ Kf8 31. Qxd4 Nxd4 32. Nxe8 a3 33. Ra1 Nc2 34. Ra2 Nb4 35. Rxa3 Kxe8 36. Be4 Ke7 37. Ra4 1-0


[Site "https://www.chess.com"]

[Event "Titled Tuesday Blitz November 14 Early 2023"]
[White "Pendos666"]
[Black "borocotoajua"]
[WhiteElo "2811"]
[BlackElo "2593"]
[Result "0-1"]
[Round "4"]
[TimeControl "180+1"]
[Date "2023.11.14"]
[WhiteClock "0:00:14"]
[BlackClock "0:00:41"]
[Board "57"]

1. e4 c6 2. d4 d5 3. e5 c5 4. c3 Nc6 5. Be2 Bf5 6. Nf3 e6 7. O-O Nh6 8. dxc5 Bxc5 9. Nbd2 Ng4 10. Nb3 Be7 11. Bf4 g5 12. Bg3 h5 13. h3 Nh6 14. Nfd4 g4 15. hxg4 hxg4 16. c4 Bh4 17. cxd5 Bxg3 18. fxg3 Nxe5 19. dxe6 fxe6 20. Nxf5 Qb6+ 21. Nfd4 Nf5 22. Qd2 Nxg3 23. Bb5+ Nd7 24. Bxd7+ Kxd7 25. Rfe1 Raf8 0-1


[Site "https://www.chess.com"]

[Event "Titled Tuesday Blitz November 14 Early 2023"]
[White "Materia, Marco"]
[Black "Vlassov, Nikolai"]
[WhiteFideId "45150451"]
[BlackFideId "4103360"]
[WhiteElo "2811"]
[BlackElo "2588"]
[Result "1/2-1/2"]
[Round "4"]
[TimeControl "180+1"]
[Date "2023.11.14"]
[WhiteClock "0:00:23"]
[BlackClock "0:00:21"]
[Board "58"]

1. Nf3 c5 2. e3 g6 3. d4 Bg7 4. c3 Nf6 5. Nbd2 b6 6. Bd3 Bb7 7. O-O O-O 8. e4 d6 9. Qe2 Nbd7 10. Re1 e5 11. d5 Qc7 12. a4 Nh5 13. g3 h6 14. Nc4 Kh7 15. Nh4 Rfe8 16. Nf5 Bf8 17. Qf3 Ndf6 18. Nh4 Bg7 19. Ng2 Ng8 20. g4 Nhf6 21. Nge3 a6 22. Nd2 Qd7 23. Ndf1 b5 24. axb5 axb5 25. Bd2 c4 26. Bc2 Rxa1 27. Rxa1 Ra8 28. Rxa8 Bxa8 29. h4 Bb7 30. Ng3 Bc8 31. g5 Ne8 32. Bd1 Bf8 33. Ng4 h5 34. Nh2 Kg7 35. Be2 Be7 36. Nhf1 Bd8 37. Ne3 Bb6 38. Nxh5+ gxh5 39. Nf5+ Kf8 40. Qxh5 Ng7 41. Qh8 Nxf5 42. Bg4 Bxf2+ 43. Kxf2 Qa7+ 44. Kf3 Nd4+ 45. cxd4 Bxg4+ 46. Kxg4 Qxd4 47. Bb4 Qxe4+ 48. Kg3 Qxd5 49. Qh7 Ne7 50. Qh8+ Ng8 51. Qh7 e4 52. Kf4 Qe5+ 53. Ke3 Qg3+ 54. Kd2 Qd3+ 55. Kc1 e3 56. Qxd3 cxd3 57. Bxd6+ Kg7 58. h5 f6 59. Bf4 e2 60. Kd2 fxg5 61. Bxg5 Nf6 62. Bh4 Nxh5 63. Kxd3 Nf4+ 64. Kd2 Kg6 65. Bg3 Kf5 66. Bxf4 Kxf4 67. Kxe2 Ke4 68. Kd2 Kd4 69. Kc2 Kc4 70. b3+ Kb4 71. Kb2 Kc5 72. Kc3 b4+ 73. Kd3 Kd5 74. Ke3 Ke5 75. Kd3 Kd5 76. Ke3 Ke5 77. Kd3 Kd5 1/2-1/2


[Site "https://www.chess.com"]

[Event "Titled Tuesday Blitz November 14 Early 2023"]
[White "Lobanov, Sergei"]
[Black "Sousa, Andre Ventura"]
[WhiteFideId "24183750"]
[BlackFideId "1917617"]
[WhiteElo "2809"]
[BlackElo "2585"]
[Result "1/2-1/2"]
[Round "4"]
[TimeControl "180+1"]
[Date "2023.11.14"]
[WhiteClock "0:00:04"]
[BlackClock "0:00:25"]
[Board "59"]

1. d4 Nf6 2. c4 e6 3. Nc3 d5 4. cxd5 exd5 5. Bg5 c6 6. e3 h6 7. Bh4 Be7 8. Bd3 O-O 9. Nge2 Re8 10. f3 Nbd7 11. Bf2 b5 12. O-O a5 13. h3 Ba6 14. e4 dxe4 15. fxe4 b4 16. Na4 Bxd3 17. Qxd3 Nc5 18. Nxc5 Bxc5 19. Ng3 Bd6 20. Rae1 Bxg3 21. Bxg3 Nh7 22. d5 cxd5 23. exd5 Qd7 24. d6 Nf6 25. Bh4 Rxe1 26. Rxe1 Re8 27. Rxe8+ Nxe8 28. Be7 Nf6 29. Bxf6 gxf6 30. b3 Kf8 31. Qd5 Qe6 32. Qa8+ Kg7 33. Qa6 Qe3+ 34. Kh2 Qe5+ 35. Kg1 Qe3+ 36. Kf1 Qc1+ 37. Ke2 Qc2+ 38. Kf3 Qc3+ 39. Ke4 Qe5+ 40. Kd3 Qc3+ 41. Ke2 Qc2+ 42. Ke1 Qc1+ 43. Kf2 Qb2+ 44. Kf3 Qc3+ 45. Kf2 Qd2+ 46. Kf1 Qd1+ 47. Kf2 Qd2+ 48. Kf1 Qd1+ 49. Kf2 Qd2+ 1/2-1/2


[Site "https://www.chess.com"]

[Event "Titled Tuesday Blitz November 14 Early 2023"]
[White "Vakhlamov, Igor L."]
[Black "Lymar, Vladislav"]
[WhiteFideId "24126748"]
[BlackFideId "14162180"]
[WhiteElo "2808"]
[BlackElo "2581"]
[Result "1-0"]
[Round "4"]
[TimeControl "180+1"]
[Date "2023.11.14"]
[WhiteClock "0:00:15"]
[BlackClock "0:00:06"]
[Board "60"]

1. e4 d6 2. d4 Nf6 3. Nc3 e5 4. dxe5 dxe5 5. Qxd8+ Kxd8 6. Bg5 Be6 7. g3 Nd7 8. f4 h6 9. Bh4 Bb4 10. f5 g5 11. fxe6 fxe6 12. Nf3 gxh4 13. O-O-O Bxc3 14. bxc3 Ke8 15. Bc4 Nxe4 16. Rhe1 Nxc3 17. Rd3 Nd5 18. Nxe5 c6 19. Ng6 Rg8 20. Nxh4 Kf7 21. Nf3 Rg4 22. Bb3 b5 23. Nd4 Nc5 24. Rf3+ Ke7 25. Nxc6+ Kd6 26. Ne5 Re4 27. Nf7+ Ke7 28. Rxe4 Nxe4 29. Nxh6 Rh8 30. Ng4 Ndf6 31. Nxf6 Nxf6 32. Re3 Ng4 33. Rxe6+ Kd7 34. Ra6 Nxh2 35. Rxa7+ Kc6 36. Rg7 Rh3 37. Rg6+ Kc5 38. Rg5+ Kb4 39. Kb2 Nf3 40. a3+ Ka5 41. Rg8 Kb6 42. g4 Rg3 43. Rg6+ Ka5 44. Be6 Nd4 45. Bc8 b4 46. Rg5+ Ka4 47. Bd7+ Nb5 48. Bxb5+ Ka5 49. Bd3+ Kb6 50. axb4 Kc6 51. Kc3 Kd6 52. b5 Ke6 53. b6 Kd6 54. b7 Kc7 55. Rb5 Kb8 56. g5 Rg4 57. g6 Rg5 58. Rxg5 Kxb7 59. g7 1-0


[Site "https://www.chess.com"]

[Event "Titled Tuesday Blitz November 14 Early 2023"]
[White "Maksimovic, Bojan"]
[Black "Jaskolka, Tomasz"]
[WhiteFideId "14408120"]
[BlackFideId "1170791"]
[WhiteElo "2807"]
[BlackElo "2580"]
[Result "1-0"]
[Round "4"]
[TimeControl "180+1"]
[Date "2023.11.14"]
[WhiteClock "0:01:09"]
[BlackClock "0:00:04"]
[Board "61"]

1. Nf3 d5 2. g3 Nd7 3. Bg2 e5 4. O-O Ngf6 5. d3 c6 6. c3 Bd6 7. Qc2 Qc7 8. Nbd2 O-O 9. Re1 Re8 10. e4 Nf8 11. b3 Bg4 12. h3 Bh5 13. Nh4 Bg6 14. a3 Rad8 15. Nxg6 hxg6 16. b4 a5 17. Bb2 Ne6 18. Nb3 axb4 19. cxb4 Qb6 20. exd5 Nxd5 21. Bxe5 Bxe5 22. Rxe5 Nd4 23. Rxe8+ Rxe8 24. Nxd4 Qxd4 25. Rc1 Ra8 26. Qb3 Re8 27. Bxd5 cxd5 28. Qc3 Qa7 29. Kf1 d4 30. Qb3 Qa6 31. Rc7 Qf6 32. Qd5 Re5 33. Qxb7 g5 34. Kg2 Re2 35. Qf3 Qe6 36. Rc8+ Kh7 37. Qh5+ Qh6 38. Qxe2 1-0


[Site "https://www.chess.com"]

[Event "Titled Tuesday Blitz November 14 Early 2023"]
[White "Tatarinov, Dmitry"]
[Black "Ambartsumova, Karina"]
[WhiteFideId "24160067"]
[BlackFideId "4166299"]
[WhiteElo "2805"]
[BlackElo "2573"]
[Result "1-0"]
[Round "4"]
[TimeControl "180+1"]
[Date "2023.11.14"]
[WhiteClock "0:00:21"]
[BlackClock "0:00:00"]
[Board "62"]

1. d4 Nf6 2. c4 e6 3. Nf3 d5 4. g3 dxc4 5. Bg2 Nc6 6. O-O Rb8 7. Nc3 b5 8. a3 Be7 9. e4 O-O 10. Be3 a6 11. Qc2 Na5 12. Rad1 Bb7 13. Rfe1 Nb3 14. d5 exd5 15. e5 Ne8 16. h4 c6 17. Ne4 h6 18. Bf4 Nc7 19. Nf6+ gxf6 20. Bxh6 Ne6 21. Qf5 Bc8 22. exf6 Bxf6 23. Bxf8 Nxf8 24. Qf4 Be6 25. Ne5 Bg7 26. Nxc6 Qb6 27. Nxb8 Nc5 28. Bxd5 Nd3 29. Rxd3 cxd3 30. Nc6 Qc5 31. Bxe6 Nxe6 32. Qe4 d2 33. Rd1 Qc1 34. Qf3 Bxb2 35. Kg2 1-0


[Site "https://www.chess.com"]

[Event "Titled Tuesday Blitz November 14 Early 2023"]
[White "Fier, Alexandr"]
[Black "Vestby-Ellingsen, Mads"]
[WhiteFideId "2107139"]
[BlackFideId "1520857"]
[WhiteElo "2803"]
[BlackElo "2570"]
[Result "1-0"]
[Round "4"]
[TimeControl "180+1"]
[Date "2023.11.14"]
[WhiteClock "0:02:27"]
[BlackClock "0:01:03"]
[Board "63"]

1. Nf3 d5 2. g3 Bg4 3. Bg2 Nd7 4. O-O e6 5. c4 c6 6. d3 h6 7. Qb3 Qb6 8. Be3 Bc5 9. Bxc5 Nxc5 10. Qa3 Ne7 11. Nc3 O-O 12. Ne5 Bf5 13. d4 Ng6 14. Nxg6 Bxg6 15. dxc5 Qc7 16. cxd5 exd5 17. e3 Rfe8 18. Ne2 a5 19. Nd4 a4 20. Qb4 h5 21. b3 h4 22. bxa4 Re7 23. Rac1 Kh7 24. Rc3 hxg3 25. hxg3 Rh8 26. Qb6 Qe5 27. f4 Qh5 28. f5 Kg8 29. Qd8+ 1-0


[Site "https://www.chess.com"]

[Event "Titled Tuesday Blitz November 14 Early 2023"]
[White "Narayanan, Srinath"]
[Black "FREDERICKtheMATE"]
[WhiteFideId "5018420"]
[WhiteElo "2790"]
[BlackElo "2566"]
[Result "1-0"]
[Round "4"]
[TimeControl "180+1"]
[Date "2023.11.14"]
[WhiteClock "0:00:25"]
[BlackClock "0:01:12"]
[Board "64"]

1. e4 c5 2. Nf3 Nc6 3. d4 cxd4 4. Nxd4 Nf6 5. Nc3 e5 6. Ndb5 d6 7. Bg5 a6 8. Na3 b5 9. Nd5 Be7 10. Bxf6 Bxf6 11. c4 b4 12. Nc2 O-O 13. Be2 a5 14. O-O Bg5 15. Qd3 Kh8 16. Rfd1 f5 17. Bf3 g6 18. a3 Rb8 19. axb4 axb4 20. b3 f4 21. Qe2 h5 22. h3 Bh6 23. Qe1 Qh4 24. Ndxb4 Nxb4 25. Nxb4 Rb6 26. Ra7 g5 27. c5 dxc5 28. Qc3 cxb4 29. Qc7 Rb7 30. Rxb7 Bxb7 31. Rd6 Bg7 32. Rg6 Rg8 33. Qxb7 Kh7 34. Qf7 g4 35. hxg4 hxg4 36. Bxg4 Qd8 37. Qf5 Qf8 38. Rf6+ Kh8 39. Qh5+ Bh6 40. Rxf8 Rxf8 41. Qxh6+ Kg8 42. Be6+ Rf7 43. Qg6+ Kh8 44. Qxf7 f3 45. Qg8# 1-0


[Site "https://www.chess.com"]

[Event "Titled Tuesday Blitz November 14 Early 2023"]
[White "Suyarov, Mukhammadzokhid"]
[Black "Derjabin, Ilja"]
[WhiteFideId "14210495"]
[BlackFideId "14104768"]
[WhiteElo "2789"]
[BlackElo "2565"]
[Result "0-1"]
[Round "4"]
[TimeControl "180+1"]
[Date "2023.11.14"]
[WhiteClock "0:00:00"]
[BlackClock "0:00:05"]
[Board "65"]

1. e4 e6 2. d4 d5 3. Nc3 Nf6 4. e5 Ne4 5. Nce2 f6 6. f3 Ng5 7. Bxg5 fxg5 8. c3 c5 9. f4 cxd4 10. Nxd4 Nc6 11. Nxc6 bxc6 12. Qh5+ g6 13. Qxg5 Be7 14. Qh6 Qb6 15. Rb1 Rf8 16. Qxh7 Qe3+ 17. Ne2 Ba6 18. Qxg6+ Kd7 19. Qg3 Qb6 20. Nd4 c5 21. Nc2 Rh8 22. Qf2 Bxf1 23. Qxf1 Rab8 24. Qe2 Bh4+ 25. Kd2 Qa5 26. g3 Be7 27. f5 Bg5+ 28. Kd1 exf5 29. e6+ Ke7 30. Rf1 Qxa2 31. Na3 Rb3 32. Qa6 Kf6 33. Qxa7 Rf8 34. e7 Re8 35. Qa6+ Kf7 36. Kc2 Rxa3 37. Qxa3 Qc4 38. Rbe1 d4 39. Qb3 d3+ 40. Kb1 Qxb3 41. Rxf5+ Kg6 42. Ree5 Rxe7 43. Rxg5+ Kf7 44. Rgf5+ Ke8 45. Rxe7+ Kxe7 46. Rf2 Qd1+ 47. Ka2 d2 0-1


[Site "https://www.chess.com"]

[Event "Titled Tuesday Blitz November 14 Early 2023"]
[White "Alen_Yeremyann"]
[Black "Ozates, Tuna"]
[BlackFideId "6354521"]
[WhiteElo "2788"]
[BlackElo "2565"]
[Result "1-0"]
[Round "4"]
[TimeControl "180+1"]
[Date "2023.11.14"]
[WhiteClock "0:00:44"]
[BlackClock "0:00:01"]
[Board "66"]

1. e4 c5 2. Nc3 a6 3. a4 e6 4. g3 Nc6 5. Bg2 g6 6. Nge2 Bg7 7. O-O Nge7 8. d3 O-O 9. Be3 d6 10. d4 cxd4 11. Nxd4 Rb8 12. h3 Nxd4 13. Bxd4 b5 14. axb5 axb5 15. Bxg7 Kxg7 16. Qd4+ e5 17. Qd2 Nc6 18. Rfd1 Nd4 19. Ne2 Nxe2+ 20. Qxe2 Be6 21. Qd2 Rb6 22. Ra7 Qf6 23. Qe3 Rc6 24. c3 Rb8 25. f4 b4 26. f5 Bb3 27. Rf1 Bc4 28. fxg6 Qxg6 29. Rf5 bxc3 30. bxc3 h6 31. Qf2 Rb1+ 32. Kh2 Be6 33. h4 Rxc3 34. h5 Bxf5 35. hxg6 Bxg6 36. Qd2 Rc6 37. Rd7 Rbc1 38. Rxd6 R6c5 39. Rd8 R1c2 40. Qd6 Bxe4 41. Qf8+ Kg6 42. Rd6+ Kg5 43. Qxh6+ Kf5 44. Rf6+ 1-0


[Site "https://www.chess.com"]

[Event "Titled Tuesday Blitz November 14 Early 2023"]
[White "Brunner, Nicolas"]
[Black "Llorente Zaro, Alfonso"]
[WhiteFideId "620246"]
[BlackFideId "2254131"]
[WhiteElo "2557"]
[BlackElo "2778"]
[Result "1-0"]
[Round "4"]
[TimeControl "180+1"]
[Date "2023.11.14"]
[WhiteClock "0:00:07"]
[BlackClock "0:00:00"]
[Board "67"]

1. Nf3 d5 2. g3 Nf6 3. Bg2 e6 4. O-O Be7 5. d4 O-O 6. c4 a6 7. Qc2 dxc4 8. Qxc4 b5 9. Qc2 Bb7 10. Bg5 Nbd7 11. Bxf6 Nxf6 12. Nbd2 Qd6 13. Nb3 Be4 14. Qd2 Qb6 15. Rac1 Rfd8 16. Qa5 Rac8 17. Rfd1 Nd5 18. Ne5 Bxg2 19. Kxg2 Nb4 20. Qxb6 cxb6 21. a3 f6 22. axb4 fxe5 23. Rxc8 Rxc8 24. dxe5 Rc7 25. Ra1 Bxb4 26. Rxa6 Rc2 27. Rxb6 Rxb2 28. Nd4 Bc5 29. Rb8+ Kf7 30. Nxb5 Rxe2 31. Nd6+ Kg6 32. Re8 Rxf2+ 33. Kh3 h6 34. Rxe6+ Kh7 35. Ne4 Rc2 36. Rc6 Re2 37. Nxc5 Rxe5 38. Nd3 Rf5 39. Nf4 Ra5 40. Rc7 Re5 41. Kg4 Kg8 42. Nh5 Rg5+ 43. Kh4 Kh7 44. g4 Kg8 45. h3 Kh7 46. Nf6+ Kg6 47. Ne4 Re5 48. Ng3 Kf6 49. Nf5 g6 50. Nxh6 Re3 51. g5+ Ke6 52. Rc6+ Ke5 53. Rxg6 Rc3 54. Kg4 Rc4+ 55. Kh5 Rc3 56. h4 Rc1 57. Rg8 Kf4 58. Rf8+ Kg3 59. g6 Kh3 60. g7 Rc5+ 61. Kg6 Rc6+ 62. Kh7 Rc7 63. Kh8 1-0


[Site "https://www.chess.com"]

[Event "Titled Tuesday Blitz November 14 Early 2023"]
[White "Nigmatov, Ortik"]
[Black "Bilan, Danila"]
[WhiteFideId "14202131"]
[BlackFideId "24161918"]
[WhiteElo "2763"]
[BlackElo "2558"]
[Result "1-0"]
[Round "4"]
[TimeControl "180+1"]
[Date "2023.11.14"]
[WhiteClock "0:00:28"]
[BlackClock "0:00:01"]
[Board "68"]

1. e4 c6 2. d4 d5 3. e5 c5 4. Nf3 Bg4 5. dxc5 Nc6 6. c3 Bxf3 7. Qxf3 e6 8. b4 Nxe5 9. Qg3 Nc6 10. Bb5 Ne7 11. O-O Nf5 12. Qh3 Be7 13. Bd3 g6 14. Re1 O-O 15. Bxf5 exf5 16. Bh6 Re8 17. Nd2 Bf6 18. Nb3 Qd7 19. Qd3 Ne5 20. Qc2 Ng4 21. Bf4 Rxe1+ 22. Rxe1 Re8 23. Rd1 Qe6 24. g3 g5 25. Bd6 Qe2 26. Rd2 Qe1+ 27. Kg2 f4 28. gxf4 gxf4 29. Bxf4 Kh8 30. Qf5 Rg8 31. Bg3 Be5 32. Qf3 Bxg3 33. hxg3 Rg7 34. Rxd5 Qe6 35. Nd4 Qh6 36. Rd8+ Rg8 37. Rxg8+ 1-0


[Site "https://www.chess.com"]

[Event "Titled Tuesday Blitz November 14 Early 2023"]
[White "Lima, Kleyton Alcantara"]
[Black "Javakhadze, Zurab"]
[WhiteFideId "22718397"]
[BlackFideId "13603647"]
[WhiteElo "2553"]
[BlackElo "2763"]
[Result "0-1"]
[Round "4"]
[TimeControl "180+1"]
[Date "2023.11.14"]
[WhiteClock "0:00:11"]
[BlackClock "0:00:04"]
[Board "69"]

1. e4 c5 2. Nf3 d6 3. d4 cxd4 4. Nxd4 Nf6 5. Nc3 g6 6. Be3 Bg7 7. f3 a6 8. Qd2 Nbd7 9. g4 b5 10. O-O-O Bb7 11. h4 Ne5 12. h5 Rc8 13. h6 Bf8 14. g5 Nfd7 15. f4 Nc4 16. Bxc4 Rxc4 17. Rhe1 e5 18. Nf3 Be7 19. f5 gxf5 20. Nd5 fxe4 21. Nh4 Bxd5 22. Qxd5 Qc8 23. Nf5 Rxc2+ 24. Kb1 Qc6 25. Qb3 Rc4 26. Rf1 Rf8 27. a3 d5 28. Rd2 d4 29. Bg1 e3 30. Bxe3 dxe3 31. Nxe3 Rd4 32. Rxd4 exd4 33. Nf5 Bxg5 34. Ng7+ Kd8 35. Rxf7 Qg6+ 36. Ka2 Qxf7 37. Ne6+ Ke7 38. Nxf8 Qxb3+ 39. Kxb3 Kxf8 0-1


[Site "https://www.chess.com"]